 Dungeon Sprint DCSS version 0.27-a0-998-g4cfe56dd59 (webtiles) character file.

Game seed: 7956994238733986100

2273 Canard the Impaler (level 9, 0/82 HPs)
             Began as a Merfolk Gladiator on Apr 16, 2021.
             Was an Elder of Okawaru.
             Slain by a seven-headed hydra (11 damage)
             ... in the Dungeon (Sprint IX: "|||||||||||||||||||||||||||||").
             The game lasted 00:03:18 (339 turns).

Canard the Impaler (Merfolk Gladiator)               Turns: 339, Time: 00:03:18

Health: 0/82       AC:  7    Str: 17    XL:     9   Next: 38%
Magic:  10/13      EV: 19    Int:  8    God:    Okawaru [****..]
Gold:   0          SH:  0    Dex: 21    Spells: 8/8 levels left

rFire    . . .     SeeInvis .   l - +4 quarterstaff (speed) {staff}
rCold    . . .     Faith    .   (shield currently unavailable)
rNeg     . . .     Spirit   .   b - +0 leather armour
rPois    .         Reflect  .   c - +0 helmet
rElec    .         Harm     .   s - +0 cloak
rCorr    .         Rampage  .   (no gloves)
Will     .....     NoTele   +   r - +0 pair of boots
Stlth    ++........             (no amulet)
HPRegen  0.23/turn              u - +3 ring of dexterity
MPRegen  0.13/turn              v - +3 ring of dexterity

@: no status effects
A: (nimble swimmer 2), mertail
a: Renounce Religion, Heroism


You were in the Dungeon.
You worshipped Okawaru.
Okawaru was greatly pleased with you.
You visited 1 branch


Innate Abilities, Weirdness & Mutations

((You are quick and stealthy near water. (Stealth+, EV+, Speed+++)))
Your lower body shifts to a powerful aquatic tail in water.


   Skills:
 + Level 11.7 Fighting
 + Level 17.5 Polearms
 - Level 2.0 Throwing
 + Level 6.0 Armour
 + Level 10.9 Dodging
 - Level 6.0 Invocations


You had 8 spell levels left.
You didn't know any spells.
Your spell library was empty.

Inventory:

Hand Weapons
 a - a +0 trident {polearm}
 k - a +2 scimitar of flaming {long}
   (You found it in the Dungeon)
 l - a +4 quarterstaff of speed (weapon) {staff}
   (You found it in the Dungeon)
 m - a +2 halberd of protection {polearm}
   (You found it in the Dungeon)
 n - a +2 dire flail of protection {mace}
   (You found it in the Dungeon)
 o - a +3 vorpal war axe {axe}
   (You found it in the Dungeon)
 p - a +2 rapier of holy wrath {short}
   (You found it in the Dungeon)
Missiles
 d - 3 throwing nets (quivered) {=f!fthrowing}
Armour
 b - a +0 leather armour (worn)
 c - a +0 helmet (worn)
 r - a +0 pair of boots (worn)
   (You found it in the Dungeon)
 s - a +0 cloak (worn)
   (You found it in the Dungeon)
 t - a +0 plate armour
   (You found it in the Dungeon)
Jewellery
 u - a +3 ring of dexterity (left hand)
   (You found it in the Dungeon)
 v - a +3 ring of dexterity (right hand)
   (You found it in the Dungeon)
Wands
 q - a wand of iceblast (10)
   (You found it in the Dungeon)
Scrolls
 j - 2 scrolls of blinking {!r}
Potions
 e - 5 potions of curing {@q1}
 f - 3 potions of heal wounds {@q2}
 g - a potion of haste {@q3}
 h - 4 potions of magic

Dungeon Overview and Level Annotations

Branches:
Dungeon (1/1)

Altars:
Cheibriados
Dithmenos
Elyvilon
Fedhas
Gozag
Hepliaklqana
Kikubaaqudgha
Makhleb
Nemelex Xobeh
Okawaru
Qazlal
Ru
Sif Muna
Trog
Uskayaw
Vehumet
Wu Jian
Xom
Yredelemnul
Zin
The Shining One
Beogh
Jiyva
Lugonu

▓.▓
▓.▓
▓.▓
▓.▓
▓.▓
▓W▓
▓D▓
▓@▓
▓.▓
▓.▓
▓.▓
▓.▓
▓.▓
▓)▓
▓.▓
▓.▓


You could see a seven-headed hydra and a wraith.


Message History

You barely miss the tengu warrior. 😕 HP[+1] MP[+1]
You miss the tengu warrior.
The tengu warrior completely misses you.
The tengu warrior barely misses you. The tengu warrior closely misses you.
You barely miss the tengu warrior.
The tengu warrior completely misses you.
The tengu warrior pecks you.
The tengu warrior completely misses you. 😕 HP[-3]
You take 3 damage, and now have 59/74 hp.
You puncture the tengu warrior!
You hit the tengu warrior but do no damage.
The tengu warrior hits you with a +0 great sword!
The tengu warrior misses you.
The tengu warrior claws you but does no damage. 😮 HP[-10]
You take 10 damage, and now have 49/74 hp.
You miss the tengu warrior.
The tengu warrior hits you with a +0 great sword!
* * * LOW HITPOINT WARNING * * *
The tengu warrior pecks you but does no damage.
The tengu warrior claws you but does no damage. 😨 HP[-13]
You take 13 damage, and now have 36/74 hp.
You impale the tengu warrior!!
You kill the tengu warrior!
Okawaru is honoured by your kill.
Okawaru will now gift you ammunition as you gain piety.
Your base Fighting skill increases to level 11!
Your base Polearms skill increases to level 17!
Your base Armour skill increases to level 5!
Your base Dodging skill increases to level 10!
Your Invocations skill gained 2 levels and is now at level 5!
You have reached level 9!
Your experience leads to an increase in your attributes!
Your base attributes are Str 16, Int 8, Dex 15.
Increase (S)trength, (I)ntelligence, or (D)exterity?
You feel stronger. 😨 HP[+4]
You now have 81 max hp (+7).
You regained 4 hp, and now have 40/81 hp.
Unknown command.
You closely miss the acid dragon.
The acid dragon bites you but does no damage.
The acid dragon closely misses you.
You impale the acid dragon!! You impale the acid dragon!!
You kill the acid dragon!
Okawaru accepts your kill.
Unknown command.
Reach: m) +2 halberd (protect) {polearm}
Press: ? - help, Dir - move target, f - cyclops
Aim: a cyclops, quivering large rocks (about 10% to evade your +2 halberd of protection)
You reach to attack!
You barely miss the cyclops. 😮 HP[+1]
You hit the cyclops but do no damage. 😮 MP[+1]
You hit the cyclops but do no damage. The cyclops barely misses you.
Press: ? - help, v - describe, . - travel, g - get item
Here: a cyclops, quivering large rocks
Items here: ( )) [.
An open door, spattered with blood.
Unknown command.
Unknown command.
Unknown command.
You impale the cyclops!! You barely miss the cyclops.
The cyclops barely misses you.
You puncture the cyclops!
You kill the cyclops!
Okawaru is honoured by your kill.
Training target 6.0 for Invocations reached!
Your base Armour skill increases to level 6!
Your Invocations skill increases to level 6! 😮 HP[+1]
You now have 82 max hp (+1).
Unknown command.
Okay, then.
Unknown command.
Okay, then.
Unknown command.
Unknown command.
Okay, then.
Unknown command.
Unknown command.
Your +2 halberd of protection {polearm} goes still.
Your hands tingle!
l - a +4 quarterstaff of speed (weapon)
{staff} You feel like a meek peon again.
The seven-headed hydra bites you.
* * * LOW HITPOINT WARNING * * *
The seven-headed hydra bites you.
* * * LOW HITPOINT WARNING * * *
The seven-headed hydra bites you!
* * * LOW HITPOINT WARNING * * *
The seven-headed hydra completely misses you.
The seven-headed hydra bites you!
* * * LOW HITPOINT WARNING * * *
The seven-headed hydra bites you!
You die...

Skill      XL: |  1  2  3  4  5  6  7  8  9 |
---------------+----------------------------+-----
Polearms       | 6 9 11 12 16 17 | 17.5
Fighting       | 3 6 8 10 11 | 11.7
Armour         | 2 4 5 6 |  6.0
Dodging        | 6 8 10 | 10.9
Invocations    | 2 5 6 |  6.0
Throwing       | |  2.0

Action                   |  1- 3 |  4- 6 |  7- 9 || total
-------------------------+-------+-------+-------++-------
Melee: Trident           |    20 |    10 |       ||    30
       Halberd           |       |    23 |    35 ||    58
Invok: Heroism           |       |       |     1 ||     1
  Use: Potion            |     1 |     1 |       ||     2
 Stab: Invisible         |       |     7 |     2 ||     9
       Distracted        |       |     1 |       ||     1
Armor: Leather armour    |     2 |     4 |    11 ||    17
Dodge: Dodged            |    11 |    21 |    21 ||    53

Levels and vault maps discovered:
D:        linesprint [early_d, line_temple, items_1, d_10, items_2, lair_1,
          lair_end, items_3, orc_1, orc_end, items_4, d_15, swamp_1, shoals_1,
          snake_1, spider_1, d_20, vaults_1, items_5, swamp_end, shoals_end,
          snake_end, spider_end, vaults_end, d_27, items_6, zot_1, zot_end,
          crypt_end, forest_end, elf_end, slime_end, tomb_end, abyss_end,
          pan_hell_end]

Notes
Turn   | Place    | Note
-------+----------+-------------------------------------------
     0 | D        | Canard the Merfolk Gladiator began the quest for the Orb.
     0 | D        | Reached XP level 1. HP: 16/16 MP: 1/1
     0 | D        | magus.rc [v1.9.6]
     5 | D        | Reached skill level 5 in Polearms
     7 | D        | Reached skill level 3 in Fighting
    18 | D        | Reached skill level 6 in Polearms
    18 | D        | Reached XP level 2. HP: 22/25 MP: 2/2
    52 | D        | Noticed an ogre
    52 | D        | Noticed a scorpion
    59 | D        | Killed a scorpion
    60 | D        | Reached skill level 6 in Fighting
    60 | D        | Reached skill level 9 in Polearms
    60 | D        | Reached XP level 3. HP: 35/35 MP: 3/3
    60 | D        | Reached XP level 4. HP: 41/41 MP: 4/4
    64 | D        | Killed an ogre
    65 | D        | Reached skill level 8 in Fighting
    65 | D        | Reached skill level 11 in Polearms
    65 | D        | Reached XP level 5. HP: 49/49 MP: 5/5
    68 | D        | Reached skill level 12 in Polearms
    76 | D        | Found a snail-covered altar of Cheibriados.
    76 | D        | Found a shadowy altar of Dithmenos.
    76 | D        | Found a white marble altar of Elyvilon.
    76 | D        | Found a blossoming altar of Fedhas.
    76 | D        | Found an opulent altar of Gozag.
    77 | D        | Found a hazy altar of Hepliaklqana.
    78 | D        | Found a viscous altar of Jiyva.
    79 | D        | Found an ancient bone altar of Kikubaaqudgha.
    80 | D        | Found a corrupted altar of Lugonu.
    81 | D        | Found a burning altar of Makhleb.
    82 | D        | Found a sparkling altar of Nemelex Xobeh.
    83 | D        | Found an iron altar of Okawaru.
    84 | D        | Found a stormy altar of Qazlal.
    85 | D        | Found a sacrificial altar of Ru.
    86 | D        | Found a shimmering blue altar of Sif Muna.
    87 | D        | Found a bloodstained altar of Trog.
    88 | D        | Found a hide-covered altar of Uskayaw.
    89 | D        | Found a radiant altar of Vehumet.
    90 | D        | Found an ornate altar of the Wu Jian Council.
    91 | D        | Became a worshipper of Warmaster Okawaru
    92 | D        | Found a shimmering altar of Xom.
    93 | D        | Found a basalt altar of Yredelemnul.
    94 | D        | Found a glowing silver altar of Zin.
    95 | D        | Found a glowing golden altar of the Shining One.
   135 | D        | Noticed a two-headed ogre
   135 | D        | Noticed a yak
   135 | D        | Noticed a vampire mosquito
   146 | D        | Killed a vampire mosquito
   147 | D        | Reached skill level 2 in Armour
   147 | D        | Reached skill level 6 in Dodging
   147 | D        | Reached XP level 6. HP: 29/57 MP: 6/6
   150 | D        | Killed a yak
   151 | D        | Reached skill level 9 in Fighting
   151 | D        | Reached skill level 13 in Polearms
   151 | D        | Reached skill level 3 in Armour
   151 | D        | Reached skill level 7 in Dodging
   159 | D        | Killed a two-headed ogre
   159 | D        | Reached * piety under Okawaru
   159 | D        | Reached ** piety under Okawaru
   160 | D        | Reached skill level 10 in Fighting
   160 | D        | Reached skill level 16 in Polearms
   160 | D        | Reached skill level 4 in Armour
   160 | D        | Reached skill level 8 in Dodging
   160 | D        | Reached skill level 2 in Invocations
   160 | D        | Reached XP level 7. HP: 36/67 MP: 6/9
   160 | D        | Reached XP level 8. HP: 40/73 MP: 6/10
   169 | D        | Reached skill level 3 in Invocations
   312 | D        | Noticed a seven-headed hydra
   312 | D        | Noticed a wraith
   312 | D        | Noticed a cyclops
   312 | D        | Noticed a tengu warrior
   312 | D        | Noticed a shadow
   317 | D        | Killed a shadow
   318 | D        | Reached skill level 9 in Dodging
   329 | D        | Killed a tengu warrior
   329 | D        | Reached *** piety under Okawaru
   330 | D        | Reached skill level 11 in Fighting
   330 | D        | Reached skill level 17 in Polearms
   330 | D        | Reached skill level 5 in Armour
   330 | D        | Reached skill level 10 in Dodging
   330 | D        | Reached skill level 5 in Invocations
   330 | D        | Reached XP level 9. HP: 40/81 MP: 9/13
   338 | D        | Killed a cyclops
   338 | D        | Reached **** piety under Okawaru
   339 | D        | Reached skill level 6 in Armour
   339 | D        | Reached skill level 6 in Invocations
   339 | D        | HP: 11/82 [seven-headed hydra (15)]
   339 | D        | Slain by a seven-headed hydra

Vanquished Creatures
  A two-headed ogre (D)
  A tengu warrior (D)
  A cyclops (D)
  A yak (D)
  A shadow (D)
  A vampire mosquito (D)
  An acid dragon (D)
  An ogre (D)
  A scorpion (D)
  A killer bee (D)
  An adder (D)
  An adder zombie (D)
  A dart slug (D)
  An orc (D)
  A bat skeleton (D)
  An endoplasm (D)
  2 hobgoblins (D)
  A jackal (D)
  A jackal zombie (D)
20 creatures vanquished.

Table legend:
 A = Non-vault XP
 B = Vault XP
 C = Vault XP percentage of total XP
 D = Non-vault monster count
 E = Vault monster count
 F = Vault count percentage of total count
                 A         B        C        D         E       F
            +---------+---------+-------+---------+---------+-------
      Total |       0 |    3248 | 100.0 |       0 |      20 | 100.0
            +---------+---------+-------+---------+---------+-------
          D |       0 |    3248 | 100.0 |       0 |      20 | 100.0
            +---------+---------+-------+---------+---------+-------

Illustrated notes

Table legend:
 A = Kills in this place as a percentage of kills in entire the game.
 B = Kills by you in this place as a percentage of kills by you in the entire game.
 C = Kills by friends in this place as a percentage of kills by friends in the entire game.
 D = Other kills in this place as a percentage of other kills in the entire game.
 E = Experience gained in this place as a percentage of experience gained in the entire game.
 F = Experience gained in this place divided by the number of levels of this place that you have seen.
                   A       B       C       D       E      F
               +-------+-------+-------+-------+-------+----------------------
         Total | 100.0 | 100.0 |   N/A |   N/A | 100.0 | 3248.0
       Dungeon | 100.0 | 100.0 |   N/A |   N/A | 100.0 | 3248.0
               +-------+-------+-------+-------+-------+----------------------

Table legend: (Time is in decaauts)
 A = Elapsed time spent in this place.
 B = Non-inter-level travel time spent in this place.
 C = Inter-level travel time spent in this place.
 D = Time resting spent in this place.
 E = Time spent auto-exploring this place.
 F = Levels seen in this place.
 G = Mean time per level.
                   A        B        C        D        E       F      G
               +--------+--------+--------+--------+--------+-----+--------+
         Total |    329 |    329 |      0 |    163 |      3 |   1 |  329.0 |
       Dungeon |    329 |    329 |      0 |    163 |      3 |   1 |  329.0 |
               +--------+--------+--------+--------+--------+-----+--------+

Top non-repeatable levels by time:
       D: 329 daAuts
